 Dungeon Crawl Stone Soup version 0.28.0-1-gb440e238dd (webtiles) character file.

Game seed: 1193256200972661470

2447 issech the Basher (level 9, 0/79 HPs)
             Began as a Troll Monk on Feb 24, 2022.
             Was a Priest of Hepliaklqana.
             Shot with a sling bullet by Joseph (1 damage)
             ... on level 7 of the Dungeon.
             The game lasted 00:18:21 (6427 turns).

issech the Basher (Troll Monk)                      Turns: 6427, Time: 00:18:23

Health: 0/79       AC: 10    Str: 21    XL:     9   Next: 25%
Magic:  8/8        EV: 12    Int:  9    God:    Hepliaklqana [***...]
Gold:   273        SH:  0    Dex: 16    Spells: 8/8 levels left

rFire   . . .      SeeInvis .   k - +7 great mace of the Radish {vorpal, +Blink Int+3}
rCold   . . .      Faith    .   (shield currently unavailable)
rNeg    . . .      Spirit   .   P - +0 steam dragon scales
rPois   .          Reflect  .   (helmet restricted)
rElec   .          Harm     .   o - +2 cloak
rCorr   .          Rampage  .   (gloves unavailable)
Will    .....                   (boots unavailable)
Stlth   ++........              (no amulet)
HPRegen 1.03/turn               (no ring)
MPRegen 0.11/turn               (no ring)

@: no status effects
A: reduced essence, large, unfitting armour, claws 3, regeneration 1, shaggy fur
1, tough skin 1
a: Renounce Religion, Evoke Blink, Recall Ancestor, Ancestor Identity,
Transference


You were on level 7 of the Dungeon.
You worshipped Hepliaklqana.
Hepliaklqana was most pleased with you.
You visited 2 branches of the dungeon, and saw 8 of its levels.

You collected 273 gold pieces.

Inventory:

Hand Weapons
 a - a +0 mace
 f - a +0 whip
 k - the +7 great mace of the Radish (weapon) {vorpal, +Blink Int+3}
   (You acquired it on level 6 of the Dungeon)

   It inflicts extra damage upon your enemies.
   Int:       It affects your intelligence (+3).
   +Blink:    It lets you blink.
 m - the +2 mace of Disembowelment {drain, *Slow rPois Int+8 Stlth+}
   (You found it on level 3 of the Dungeon)

   A truly terrible weapon, it drains the life of any living foe it strikes.
   Int:       It affects your intelligence (+8).
   rPois:     It protects you from poison.
   *Slow:     It may slow you when you take damage.
   Stlth:     It makes you more stealthy.
 n - a +3 quarterstaff of chaos
 p - a +0 flail
 q - the +9 whip "Kiash" {speed, +Blink rN+ Int-2 SInv}
   (You found it on level 3 of the Dungeon)

   Attacks with this weapon are significantly faster.
   Int:       It affects your intelligence (-2).
   rN:        It protects you from negative energy.
   SInv:      It lets you see invisible.
   +Blink:    It lets you blink.
 s - the +1 whip of the Hungering Rat {drain, rElec rF- Stlth+}
   (You found it on level 3 of the Dungeon)

   A truly terrible weapon, it drains the life of any living foe it strikes.
   rF:        It makes you vulnerable to fire.
   rElec:     It insulates you from electricity.
   Stlth:     It makes you more stealthy.
 u - a +0 shortbow
 B - a +0 giant spiked club
 C - a +1 falchion of flaming
 N - a +1 flail of protection
Missiles
 e - 132 arrows
 g - 58 stones (quivered)
 h - 32 bolts
 j - 9 javelins
 y - 17 poisoned darts
 K - 11 boomerangs
Armour
 b - a +0 robe
 o - a +2 cloak (worn)
 D - a scarf of resistance
 P - +0 steam dragon scales (worn)
Magical Staves
 w - a staff of death
Jewellery
 t - an amulet of faith
 A - a +6 ring of intelligence
Wands
 G - a wand of paralysis (7)
 H - a wand of flame (26)
 I - a wand of polymorph (7)
 M - a wand of iceblast (4)
 O - a wand of digging (3)
Scrolls
 c - 4 scrolls of teleportation
 i - a scroll of summoning
 z - a scroll of fear
 F - 2 scrolls of noise
 J - a scroll of fog
Potions
 d - 4 potions of attraction {unknown}
 l - a potion of heal wounds {unknown}
 r - a potion of berserk rage {unknown}
 v - 3 potions of mutation {unknown}
 x - a potion of ambrosia {unknown}
 E - 6 potions of curing {unknown}
 L - 2 potions of brilliance {unknown}
 Q - a potion of might {unknown}


   Skills:
 + Level 5.0 Fighting
 + Level 8.8 Maces & Flails
 + Level 5.1 Dodging
 + Level 2.6 Stealth


You had 8 spell levels left.
You didn't know any spells.
Your spell library contained the following spells:

 Spells                   Type           Power      Damage    Failure   Level
 Static Discharge         Conj/Air       0%         N/A       52%         2
 Confusing Touch          Hex            0%         N/A       77%         3
 Ignite Poison            Fire/Tmut/Pois 0%         N/A       77%         3
 Mephitic Cloud           Conj/Pois/Air  0%         N/A       77%         3
 Dispel Undead            Necr           0%         3d6       99%         4
 Sticky Flame             Conj/Fire      0%         2d3       99%         4
 Freezing Cloud           Conj/Ice/Air   0%         6-21      100%        5
 Yara's Violent Unravell  Hex/Tmut       0%         3d3       100%        5
 Enfeeble                 Hex            0%         N/A       100%        7


Dungeon Overview and Level Annotations

Branches:
Dungeon (7/15)             Temple (1/1) D:5

Altars:
Ashenzari
Cheibriados
Dithmenos
Elyvilon
Fedhas
Gozag
Hepliaklqana
Kikubaaqudgha
Makhleb
Nemelex Xobeh
Okawaru
Ru
Sif Muna
Trog
Uskayaw
Vehumet
Wu Jian
Yredelemnul
The Shining One

Annotations:
D:7 Joseph


Innate Abilities, Weirdness & Mutations

Your life essence is reduced to manifest your ancestor. (-10% HP)
You are too large for most types of armour.
You have claws for hands.
Your natural rate of healing is unusually fast.
You are covered in fur. (AC +1)
You have tough skin. (AC +1)


Message History

Joseph hits you with a +0 quarterstaff.
Impisi hits Joseph with a +0 quarterstaff!
The wyvern closely misses you.
You closely miss Joseph.
Joseph is moderately wounded.
Joseph closely misses you. The wyvern bites you!
Impisi hits Joseph with a +0 quarterstaff!
You closely miss Joseph.
Joseph is moderately wounded.
The wyvern barely misses you. Joseph hits you but does no damage.
Impisi hits Joseph with a +0 quarterstaff!!
The wyvern bites you but does no damage.
Joseph hits you with a +0 quarterstaff!
* * * LOW HITPOINT WARNING * * *
Impisi closely misses Joseph.
The wyvern closely misses you.
Joseph hits Impisi with a +0 quarterstaff!!
Impisi closely misses Joseph.
You sock the wyvern!
The wyvern is severely wounded.
The wyvern bites you.
* * * LOW HITPOINT WARNING * * *
Joseph hits Impisi with a +0 quarterstaff.
The wyvern barely misses you.
Impisi casts a spell at Joseph.
The stone arrow hits Joseph!
The centaur shoots an arrow.
The arrow misses you.
Joseph hits Impisi with a +0 quarterstaff!!
Impisi is destroyed!
The centaur shoots an arrow.
The arrow hits you!
* * * LOW HITPOINT WARNING * * *
Joseph shouts!
The wyvern misses you.
The centaur shoots an arrow.
The arrow hits you.
* * * LOW HITPOINT WARNING * * *
Joseph unwields a +0 quarterstaff.
Joseph wields a +1 hunting sling of flaming.
It bursts into flame!
Joseph shoots a sling bullet.
The sling bullet hits you.
* * * LOW HITPOINT WARNING * * *
The sling bullet burns you.
You die...

. . ### ##. . ... ..##.
#. #.# #... #. #.# #..#
# #. ##.#####..#.# #.
#.........#.# #.
#..#####@...# #.
#......#.l#c#
##<###...##....# #
#..).....#####@.....#
######.#######......####
....................>#
########.#.###.........
#.#.....#########
#.####.#


You could see Joseph, a wyvern and a centaur.

Vanquished Creatures
  Maggie (D:7)
  Duvessa (D:7)
  A water moccasin (D:5)
  An orc warrior (D:7)
  A sky beast (D:7)
  2 black bears (D:6)
  A necrophage (D:7)
  2 ogres
  A centaur (D:4)
  2 phantoms (D:6)
  A bullfrog (D:5)
  A kobold brigand (D:6)
  A centaur zombie (D:6)
  2 jellies (D:6)
  Crazy Yiuf (D:3)
  A centaur skeleton (D:7)
  A bullfrog skeleton (D:3)
  2 orc wizards
  A howler monkey zombie (D:6)
  5 gnolls (D:6)
  6 adders
  3 white imps
  An ufetubus (D:4)
  2 dart slugs
  11 orcs
  4 bats
  5 endoplasms
  3 giant cockroaches
  4 goblins
  2 hobgoblins
  11 jackals
  5 quokkas
  4 ball pythons
  10 kobolds
  5 rats
105 creatures vanquished.

Vanquished Creatures (collateral kills)
  A black bear (D:7)
  A necrophage (D:6)
  A sky beast (D:6)
  Dowan (D:7)
  A centaur skeleton (D:6)
  An orc priest (D:7)
  A gnoll shaman (D:6)
  2 iguanas
  An orc wizard (D:5)
  An adder (D:6)
  3 gnolls (D:6)
  An ufetubus (D:6)
  An orc (D:6)
  2 kobolds (D:6)
  A butterfly (D:5)
19 creatures vanquished.

Vanquished Creatures (others)
  A battlemage (D:7)
  A plant (D:2)
2 creatures vanquished.

Grand Total: 126 creatures vanquished

Notes
Turn   | Place    | Note
-------+----------+-------------------------------------------
     0 | D:1      | issech the Troll Monk began the quest for the Orb.
     0 | D:1      | Reached XP level 1. HP: 22/22 MP: 0/0
   116 | D:1      | Reached XP level 2. HP: 29/29 MP: 1/1
   405 | D:1      | Reached skill level 3 in Maces & Flails
  1098 | D:2      | Reached XP level 3. HP: 36/36 MP: 2/2
  2041 | D:2      | Reached XP level 4. HP: 44/44 MP: 3/3
  2226 | D:3      | Found a runed translucent door.
  2227 | D:3      | Noticed Crazy Yiuf
  2228 | D:3      | Identified the +2 mace of Disembowelment {drain, *Slow
                  | rPois Int+8 Stlth+}
  2237 | D:3      | HP: 2/44 [Crazy Yiuf (2)]
  2239 | D:3      | Killed Crazy Yiuf
  2436 | D:3      | Reached XP level 5. HP: 53/53 MP: 4/4
  2490 | D:3      | Identified the +9 whip "Kiash" {speed, +Blink rN+ Int-2
                  | SInv}
  2530 | D:3      | You fall into a shaft and drop 1 floor!
  2587 | D:3      | Identified the +1 whip of the Hungering Rat {drain, rElec
                  | rF- Stlth+}
  2737 | D:4      | Noticed an ogre
  2747 | D:4      | Killed an ogre
  2748 | D:4      | Reached skill level 4 in Maces & Flails
  2758 | D:4      | Noticed a centaur
  2767 | D:4      | Killed a centaur
  2768 | D:4      | Reached XP level 6. HP: 49/61 MP: 5/5
  3452 | D:5      | Entered Level 5 of the Dungeon
  3566 | D:5      | Reached skill level 5 in Maces & Flails
  3695 | D:5      | Noticed a water moccasin
  3721 | D:5      | Killed a water moccasin
  3722 | D:5      | Reached XP level 7. HP: 50/68 MP: 6/6
  3757 | D:5      | Found a staircase to the Ecumenical Temple.
  3766 | Temple   | Entered the Ecumenical Temple
  4016 | Temple   | Became a worshipper of Hepliaklqana the Forgotten
  4016 | Temple   | Reached * piety under Hepliaklqana
  4016 | Temple   | Reached ** piety under Hepliaklqana
  4017 | Temple   | Remembered your ancestor Impisi as a battlemage
  4947 | D:6      | Identified a scroll of acquirement
  4948 | D:6      | Acquired the +7 great mace of the Radish {vorpal, +Blink
                  | Int+3}
  5047 | D:6      | Reached skill level 6 in Maces & Flails
  5201 | D:6      | Reached XP level 8. HP: 70/70 MP: 7/7
  5396 | D:6      | Reached skill level 7 in Maces & Flails
  5720 | D:6      | Reached *** piety under Hepliaklqana
  6101 | D:6      | Found a burning altar of Makhleb.
  6175 | D:7      | Noticed Duvessa
  6175 | D:7      | Noticed Dowan
  6178 | D:7      | Killed Duvessa
  6182 | D:7      | Killed Dowan
  6195 | D:7      | Reached skill level 8 in Maces & Flails
  6195 | D:7      | Reached skill level 5 in Dodging
  6274 | D:7      | Reached XP level 9. HP: 35/76 MP: 8/8
  6345 | D:7      | Identified the +3 pair of boots of Purpose {rElec}
  6372 | D:7      | Noticed Maggie
  6391 | D:7      | Killed Maggie
  6392 | D:7      | Reached skill level 5 in Fighting
  6416 | D:7      | Noticed Joseph
  6427 | D:7      | HP: 1/79 [Joseph/sling bullet (4)]
  6427 | D:7      | Shot with a sling bullet by Joseph

Illustrated notes

Levels and vault maps discovered:
D:1:      amcnicky_arrival_choice, layout_loops_corners
D:2:      cheibrodos_old_hovel, layout_basic, hangedman_decor_peaks_small
D:3:      layout_basic, uniq_crazy_yiuf_cottage
D:4:      layout_loops_ring
D:5:      layout_layer_cave, minmay_temple_entry_butterflies
D:6:      layout_layer_cave, kennysheep_small_circle
D:7:      layout_basic, uniq_joseph, uniq_duvessa, uniq_maggie
Temple:   mainiacjoe_temple_bowtie_tessellation

Skill      XL: |  1  2  3  4  5  6  7  8  9 |
---------------+----------------------------+-----
Maces & Flails | 3 4 5 6 8 |  8.8
Dodging        | 3 4 5 |  5.1
Fighting       | 3 4 5 |  5.0
Stealth        | 2 |  2.6

Action                   |  1- 3 |  4- 6 |  7- 9 || total
-------------------------+-------+-------+-------++-------
Melee: Mace              |   147 |    44 |       ||   191
       Punch             |     2 |       |       ||     2
       Whip              |       |    53 |    18 ||    71
       Great mace        |       |       |    80 ||    80
Invok: Ancestor Life: Ba |       |       |     1 ||     1
  Use: Scroll            |       |       |     7 ||     7
 Stab: Distracted        |       |     1 |     1 ||     2
       Sleeping          |       |       |     3 ||     3
Armor: Robe              |   111 |    35 |    39 ||   185
       Steam dragon scal |       |       |     2 ||     2
Dodge: Dodged            |   131 |    69 |    80 ||   280
